 Dungeon Crawl Stone Soup version 0.30-a0-358-g0d69a1922f (webtiles) character file.

Game seed: 3934017079819278400

5145 Elric the Spear-Bearer (level 10, -9/94 HPs)
             Began as a Minotaur Fighter on Nov 9, 2022.
             Was an Initiate of Ru.
             Mangled by a bone dragon (14 damage)
             ... on level 1 of the Abyss.
             The game lasted 00:14:24 (8037 turns).

Elric the Spear-Bearer (Minotaur Fighter)           Turns: 8037, Time: 00:14:25

Health: -9/94      AC: 14    Str: 28 (29) XL:     10   Next: 33%
Magic:  9/9        EV: 23    Int:  2 (5)  God:    Ru [......]
Gold:   444        SH:  4    Dex:  7 (10) Spells: 9/9 levels left

rFire   + . .      SeeInvis .    A - +4 spear "Rocracien" {venom, Str+4}
rCold   + . .      Faith    .    c - +0 buckler
rNeg    . . .      Spirit   .    b - +1 chain mail {rF+}
rPois   .          Reflect  .    (helmet restricted)
rElec   .          Harm     .    y - +1 cloak
rCorr   +          Rampage  .    (no gloves)
Will    .....                    (no boots)
Stlth   ..........               w - amulet of the acrobat
HPRegen 0.35/turn                v - ring of protection from cold
MPRegen 0.11/turn                o - ring of resist corrosion

@: acrobatic, slowed, studying Fighting, very slow
A: horns 2, retaliatory headbutt
a: Renounce Religion


You were on level 1 of the Abyss.
You worshipped Ru.
Ru was noncommittal.
You visited 1 branch of the dungeon, and saw 9 of its levels.
You visited the Abyss 1 time.

You collected 444 gold pieces.

Inventory:

Hand Weapons
 a - a +1 trident of protection
 A - the +4 spear "Rocracien" (weapon) {venom, Str+4}
   (You found it on level 3 of the Dungeon)

   It poisons the flesh of those it strikes.
   Str:       It affects your strength (+4).
Armour
 b - a +1 chain mail of fire resistance (worn)
 c - a +0 buckler (worn)
 y - a +1 cloak (worn)
Jewellery
 g - a ring of wizardry
 k - a +6 ring of dexterity
 o - a ring of resist corrosion (right hand)
 v - a ring of protection from cold (left hand)
 w - an amulet of the acrobat (around neck)
Wands
 l - a wand of roots (9)
 p - a wand of quicksilver (11)
 u - a wand of mindburst (12)
 C - a wand of flame (10)
Scrolls
 d - a scroll of immolation
 e - 11 scrolls of identify
 h - 2 scrolls of teleportation
 i - a scroll of torment
 j - 2 scrolls of amnesia
 n - a scroll of poison {unknown}
 s - a scroll of vulnerability
 x - a scroll of enchant armour
Potions
 f - a potion of degeneration
 m - 4 potions of flight
 r - a potion of cancellation
 t - 3 potions of brilliance
 z - 3 potions of might
 F - 2 potions of curing
 G - a potion of ambrosia {unknown}


   Skills:
 * Level 10.6 Fighting
 + Level 12.9 Polearms
 - Level 9.1 Armour
 + Level 1.7 Dodging
 + Level 5.6 Shields


You had 9 spell levels left.
You didn't know any spells.
Your spell library contained the following spells:

 Spells                   Type           Power      Damage    Failure   Level
 Cigotuvi's Dreadful Rot  Necr/Pois/Air  0%         N/A       99%         2
 Poisonous Vapours        Pois/Air       0%         N/A       99%         2
 Static Discharge         Conj/Air       0%         2-2/arc   99%         2
 Sublimation of Blood     Necr           0%         N/A       99%         2
 Wereblood                Tmut           0%         N/A       99%         2
 Ignite Poison            Fire/Tmut/Pois 0%         N/A       100%        3
 Kindle Blastsparks       Fire/Tloc/Air  0%         2d10      100%        3
 Mephitic Cloud           Conj/Pois/Air  0%         N/A       100%        3
 Summon Guardian Golem    Hex/Summ       0%         N/A       100%        3
 Vhi's Electric Charge    Tloc/Air       0%         N/A       100%        3
 Anguish                  Hex/Necr       0%         N/A       100%        4
 Petrify                  Tmut/Erth      0%         N/A       100%        4
 Arcjolt                  Conj/Air       0%         1d10      100%        5
 Freezing Cloud           Conj/Ice/Air   0%         6-21      100%        5
 Lightning Bolt           Conj/Air       0%         1d11      100%        5
 Simulacrum               Ice/Necr       0%         N/A       100%        6
 Orb of Destruction       Conj           0%         9d5       100%        7
 Spellforged Servitor     Conj/Summ      0%         N/A       100%        7
 Summon Hydra             Summ           0%         N/A       100%        7


Dungeon Overview and Level Annotations

Branches:
Dungeon (9/15)
 Temple: D:4-7         Lair: D:8-11         Orc: D:9-12

Altars:
Ashenzari
Cheibriados
Okawaru
Ru
Zin
The Shining One

Shops:
D:4 :   D:7 (*   D:9 (


Innate Abilities, Weirdness & Mutations

You have a pair of horns on your head.
You reflexively headbutt those who attack you in melee.


Message History

You feel yourself slow down.
A large abomination comes into view.
The bone dragon attacks as you move away!
The bone dragon closely misses you. You furiously retaliate!
You headbutt the bone dragon! The bone dragon misses you.
The bone dragon closely misses you.
The bone dragon attacks as you move away!
The bone dragon completely misses you. You furiously retaliate!
You headbutt the bone dragon. The bone dragon closely misses you.
The bone dragon tramples you but does no damage.
You block the bone dragon's attack. The bone dragon claws you!
The bone dragon tramples you!
* * * LOW HITPOINT WARNING * * *
You stumble backwards!
The quasit attacks as you move away! The quasit completely misses you.
You furiously retaliate!
You headbutt the quasit! The quasit claws you.
* * * LOW HITPOINT WARNING * * *
You feel clumsy. The quasit closely misses you.
The bone dragon attacks as you move away!
The bone dragon bites you!
* * * LOW HITPOINT WARNING * * *
The bone dragon claws you but does no damage.
The bone dragon tramples you.
* * * LOW HITPOINT WARNING * * *
The quasit completely misses you. You furiously retaliate!
You headbutt the quasit.
You kill the quasit!
The bone dragon bites you but does no damage.
The bone dragon claws you!
* * * LOW HITPOINT WARNING * * *
You block the bone dragon's attack. The bone dragon misses you.
You furiously retaliate!
You headbutt the bone dragon!
The bone dragon claws you but does no damage.
The bone dragon completely misses you.
The bone dragon attacks as you move away!
You block the bone dragon's attack. The bone dragon completely misses you.
The bone dragon tramples you!
You die...

.'........'..... .
#. ......#.......
#........#.......
#... ....#. #......
.#. ..... #######.
###...... .....#.
..#..... #
######.#.#....#.....
#..LD@#..#..#.#...
.# ##X#####...# ###
#### #........###
### .....# #.....#
#..X..# #.....#
#.....# '.....#


You could see a bone dragon, a lich (fast) and a large abomination.

Vanquished Creatures
  Pikel (D:6)
  A worldbinder (Abyss:1)
  Joseph (D:7)
  Psyche (D:8)
  A troll (D:7)
  Grinder (D:3)
  Sigmund (D:2)
  A shadow (D:9)
  Eustachio (D:4)
  Menkaure (D:6)
  A water moccasin (D:6)
  An acid dragon (D:8)
  Duvessa (D:4)
  An orc warrior (D:9)
  Pargi (D:3)
  2 sky beasts
  A black bear (D:4)
  An ogre (D:4)
  4 centaurs
  A phantom (D:5)
  4 bullfrogs
  A necrophage (D:7)
  6 scorpions
  Dowan (D:4)
  A howler monkey (D:6)
  A quasit (Abyss:1)
  A hound (D:7)
  Crazy Yiuf (D:2)
  A gnoll bouda (D:7)
  3 jellies (D:6)
  2 orc priests
  Natasha (thrice) (D:2)
  3 iguanas
  3 orc wizards
  7 gnolls
  6 adders
  2 shadow imps
  A worm (D:2)
  3 dart slugs
  13 orcs
  9 bats
  4 endoplasms
  3 giant cockroaches
  A goblin (D:1)
  2 hobgoblins
  4 quokkas (D:1)
  4 ball pythons
  2 frilled lizards
  10 kobolds
  3 rats
129 creatures vanquished.

Vanquished Creatures (others)
  A centaur zombie (Abyss:1)
1 creature vanquished.

Grand Total: 130 creatures vanquished

Notes
Turn   | Place    | Note
-------+----------+-------------------------------------------
     0 | D:1      | Elric the Minotaur Fighter began the quest for the Orb.
     0 | D:1      | Reached XP level 1. HP: 19/19 MP: 0/0
    74 | D:1      | Reached XP level 2. HP: 27/27 MP: 1/1
   491 | D:1      | Reached skill level 3 in Polearms
   590 | D:2      | Reached XP level 3. HP: 33/33 MP: 2/2
   605 | D:2      | Noticed Natasha
   612 | D:2      | Killed Natasha
   724 | D:2      | Reached XP level 4. HP: 40/40 MP: 3/3
   818 | D:2      | Noticed Natasha
   828 | D:2      | Noticed Sigmund
   829 | D:2      | Killed Natasha
   879 | D:2      | Killed Sigmund
   880 | D:2      | Reached skill level 5 in Fighting
   880 | D:2      | Reached skill level 4 in Polearms
   880 | D:2      | Reached skill level 5 in Armour
   880 | D:2      | Reached skill level 5 in Shields
   880 | D:2      | Reached XP level 5. HP: 12/48 MP: 4/4
  1122 | D:2      | Reached XP level 6. HP: 56/56 MP: 5/5
  1196 | D:2      | Noticed Natasha
  1200 | D:2      | Killed Natasha
  1221 | D:2      | Got the Compilation of Hadjma
  1415 | D:2      | Found a runed translucent door.
  1416 | D:2      | Noticed Crazy Yiuf
  1424 | D:2      | Killed Crazy Yiuf
  1561 | D:3      | Reached skill level 5 in Polearms
  1646 | D:3      | Found a broken altar of Ashenzari.
  1650 | D:3      | Saw a vision of the Shoals and the Spider Nest.
  1650 | D:3      | Noticed a wind drake
  1650 | D:3      | Noticed a jumping spider
  1650 | D:3      | Noticed a snapping turtle
  1650 | D:3      | Noticed a merfolk
  1650 | D:3      | Noticed a water elemental
  1650 | D:3      | Noticed a merfolk
  1650 | D:3      | Noticed a merfolk
  1650 | D:3      | Noticed a jumping spider
  1650 | D:3      | Noticed a steelbarb worm
  1650 | D:3      | Noticed a merfolk
  1650 | D:3      | Noticed a demonic crawler
  1650 | D:3      | Noticed a sun moth
  1650 | D:3      | Noticed a boulder beetle
  1650 | D:3      | Noticed a redback
  1650 | D:3      | Noticed a torpor snail
  1651 | D:3      | Noticed a steelbarb worm
  1651 | D:3      | Noticed a harpy
  1652 | D:3      | Noticed a tarantella
  1653 | D:3      | Noticed a jumping spider
  2006 | D:3      | Noticed Grinder
  2047 | D:3      | Killed Grinder
  2048 | D:3      | Reached skill level 6 in Polearms
  2048 | D:3      | Reached XP level 7. HP: 22/61 MP: 6/6
  2197 | D:3      | Noticed Pargi
  2219 | D:3      | Killed Pargi
  2220 | D:3      | Reached skill level 7 in Polearms
  2481 | D:3      | Identified the +4 spear "Rocracien" {venom, Str+4}
  2554 | D:4      | Found Udoig's Self-Improvement Boutique.
  2771 | D:4      | Reached skill level 8 in Polearms
  2790 | D:4      | Found a snail-covered altar of Cheibriados.
  2813 | D:4      | Reached XP level 8. HP: 37/70 MP: 7/7
  2918 | D:4      | Found an iron altar of Okawaru.
  2953 | D:4      | Noticed Eustachio
  2985 | D:4      | Killed Eustachio
  3320 | D:4      | Noticed Dowan
  3321 | D:4      | Noticed Duvessa
  3333 | D:4      | Killed Duvessa
  3334 | D:4      | Reached skill level 9 in Polearms
  3338 | D:4      | Killed Dowan
  3481 | D:5      | Entered Level 5 of the Dungeon
  3794 | D:6      | Noticed Pikel
  3818 | D:6      | Killed Pikel
  3819 | D:6      | Reached skill level 10 in Polearms
  3819 | D:6      | Reached XP level 9. HP: 44/79 MP: 8/8
  4038 | D:6      | Found a glowing golden altar of the Shining One.
  4140 | D:6      | Noticed Menkaure
  4147 | D:6      | Killed Menkaure
  4272 | D:6      | Reached skill level 11 in Polearms
  4658 | D:7      | Noticed Joseph
  4661 | D:7      | Found Tunworae's General Store.
  4674 | D:7      | HP: 3/81 [Joseph/+0 quarterstaff (6)]
  4676 | D:7      | Killed Joseph
  4974 | D:7      | Found Lyko Uski's Weapon Shoppe.
  5076 | D:7      | Noticed a troll
  5083 | D:7      | Killed a troll
  5375 | D:7      | Reached skill level 12 in Polearms
  5432 | D:8      | Identified a scroll of acquirement
  5432 | D:8      | Acquired a manual of Fighting
  5876 | D:8      | Noticed Psyche
  5986 | D:8      | Killed Psyche
  6210 | D:7      | Found a glowing silver altar of Zin.
  6893 | D:8      | Reached XP level 10. HP: 67/91 MP: 9/9
  7015 | D:8      | Found a sacrificial altar of Ru.
  7028 | D:8      | Became a worshipper of Ru the Awakened
  7422 | D:9      | Found Hacre's Antique Weapon Shoppe.
  7598 | D:9      | Reached skill level 10 in Fighting
  7847 | Abyss:1  | Cast into level 1 of the Abyss (orc)
  7858 | Abyss:1  | Noticed a worldbinder
  7862 | Abyss:1  | Noticed a goliath frog
  7862 | Abyss:1  | Noticed a bog body
  7875 | Abyss:1  | Noticed a bog body
  7875 | Abyss:1  | Noticed a bog body
  7883 | Abyss:1  | Noticed a bog body
  7902 | Abyss:1  | Noticed a goliath frog
  7906 | Abyss:1  | Noticed a bog body
  7913 | Abyss:1  | Noticed a bog body
  7913 | Abyss:1  | Noticed a goliath frog
  7918 | Abyss:1  | Noticed a goliath frog
  7919 | Abyss:1  | Noticed a goliath frog
  7921 | Abyss:1  | Noticed a bog body
  7927 | Abyss:1  | Noticed a bog body
  7928 | Abyss:1  | Killed a worldbinder
  7929 | Abyss:1  | Reached skill level 1 in Dodging
  7988 | Abyss:1  | Noticed a bone dragon
  8005 | Abyss:1  | Noticed a lich
  8034 | Abyss:1  | HP: 4/94 [bone dragon (7)]
  8037 | Abyss:1  | Mangled by a bone dragon

Illustrated notes

Levels and vault maps discovered:
D:1:      minmay_arrival_checkered_box, layout_basic,
          amcnicky_mini_corridor_feature
D:2:      layout_basic, uniq_natasha, uniq_crazy_yiuf_cottage, uniq_sigmund
D:3:      layout_basic, grunt_ashenzari_visionary
          [grunt_ashenzari_visionary_shoals, grunt_ashenzari_visionary_spider],
          uniq_pargi, uniq_grinder
D:4:      layout_basic, grunt_temple_overflow_open, nicolae_shop_self_help,
          uniq_duvessa, uniq_eustachio
D:5:      layout_loops_ring, makhleb_altar_promises_db,
          minmay_temple_entry_fiery
D:6:      layout_basic, general_overflow_altar, uniq_pikel, uniq_menkaure
D:7:      layout_loops_ring, amcnicky_altar_gilded, serial_shops,
          nicolae_shop_bloodbath_and_beyond, nicolae_shop_advertising_works
          [nicolae_subvault_shop_adworks], uniq_joseph
D:8:      layout_cave_pools, nicolae_ru_awakened_eye, uniq_psyche
D:9:      layout_grid_maze, david_orc_2, serial_shops, kennysheep_mini_moat,
          nicolae_shop_hallway_plus
Abyss:1:  base: D:3, evilmike_abyss_exit_vortex

Skill      XL: |  1  2  3  4  5  6  7  8  9 10 |
---------------+-------------------------------+-----
Armour         | 4 5 7 8 9 |  9.1
Shields        | 4 5 |  5.6
Fighting       | 4 5 7 9 10 | 10.6
Polearms       | 3 4 6 8 10 12 | 12.9
Dodging        | 1 |  1.7

Action                   |  1- 3 |  4- 6 |  7- 9 | 10-12 || total
-------------------------+-------+-------+-------+-------++-------
Melee: Trident           |    76 |    58 |   149 |       ||   283
       Headbutt          |     5 |     7 |    56 |     5 ||    73
       Spear             |       |       |   160 |    72 ||   232
       Unarmed           |       |       |     1 |       ||     1
  Use: Potion            |       |     1 |     1 |     5 ||     7
       Scroll            |       |       |    12 |     1 ||    13
Armor: Scale mail        |    29 |    12 |    76 |       ||   117
       Chain mail        |       |       |    11 |    40 ||    51
Dodge: Dodged            |    20 |    13 |    78 |    99 ||   210
Block: Buckler           |     3 |     8 |    46 |    27 ||    84

Table legend: (Time is in decaauts)
 A = Elapsed time spent in this place.
 B = Non-inter-level travel time spent in this place.
 C = Inter-level travel time spent in this place.
 D = Time resting spent in this place.
 E = Time spent auto-exploring this place.
 F = Levels seen in this place.
 G = Mean time per level.
                   A        B        C        D        E       F      G
               +--------+--------+--------+--------+--------+-----+--------+
         Total |   7962 |   7119 |    843 |    478 |   5532 |  10 |  796.2 |
       Dungeon |   7769 |   6926 |    843 |    478 |   5521 |   9 |  863.2 |
         Abyss |    192 |    192 |      0 |      0 |     11 |   1 |  192.0 |
               +--------+--------+--------+--------+--------+-----+--------+

Top non-repeatable levels by time:
     D:7: 1482 daAuts
     D:2: 1097 daAuts
     D:3: 1078 daAuts
     D:4: 1028 daAuts
     D:6: 958 daAuts
     D:8: 760 daAuts
     D:1: 650 daAuts
     D:9: 534 daAuts
 Abyss:1: 192 daAuts
     D:5: 178 daAuts
